[Event "NOR-ch Women 2019"]
[Site "Bekkestua"]
[Date "2019.03.17"]
[Round "5.8"]
[White "Bjerke, Vilde"]
[Black "Szemes, Eva Weston"]
[Result "0-1"]
[ECO "B10"]
[WhiteElo "1251"]
[BlackElo "1335"]
[Annotator "NA"]
[PlyCount "96"]
[EventDate "2019.03.15"]
[EventType "swiss"]
[EventCountry "NOR"]
[SourceTitle "playchess.com"]
[Source "ChessBase"]
[SourceQuality "1"]
[TimeControl "5400+30"]

1. e4 c6 2. Nf3 d5 3. exd5 cxd5 4. Bb5+ Bd7 5. Bxd7+ Qxd7 6. O-O Nf6 7. d4 Nc6 8. Nc3 e6 9. Bf4 Bd6 10. Bxd6 Qxd6 11. Nb5 Qd7 12. Qe2 a6 13. Nc3 b5 14. a3 O-O 15. h3 h6 16. Rad1 Rac8 17. Rd3 Ne7 18. Ne5 Qd6 19. Rg3 Nd7 20. Nxd7 Qxd7 21. Qh5 Nf5 22. Rd3 a5 23. Qd1 b4 24. axb4 axb4 25. Ne2 Qc7 26. c3 bxc3 27. Rxc3 Qb6 28. Qb3 Qxb3 29. Rxb3 Rc2 30. Ng3 Nxd4 31. Rb7 Ne2+ 32. Nxe2 Rxe2 33. Ra1 e5 34. Kf1 Rc2 35. Raa7 d4 36. Ke1 d3 37. g4 g5 38. b4 Rb2 39. b5 e4 40. b6 Kg7 41. Ra6 Kg8 42. Re7 Rd8 43. Rxe4 d2+ 44. Kf1 d1=Q+ 45. Kg2 Qd3 46. Rea4 Qe2 47. Ra1 Qxf2+ 48. Kh1 Qh2# 0-1